 Dungeon Sprint DCSS version 0.26.1-2-gb8aa6d0cf2 (webtiles) character file.

Game seed: 14562381101932346743

146 Groucho the Unseen (level 5, -4/21 (24) HPs)
             Began as a Spriggan Enchanter on Feb 17, 2021.
             Was a Follower of Uskayaw.
             Slain by a spriggan
             ... wielding the +4 short sword of Filigreed Optimality {drain, rF+ rC+}
              (9 damage)
             ... in the Dungeon (Sprint IV: "Fedhas' Mad Dash").
             The game lasted 00:02:14 (286 turns).

Groucho the Unseen (Spriggan Enchanter)              Turns: 286, Time: 00:02:14

HP:   -4/21 (24)    AC:  2    Str:  5    XL:     5   Next: 7%
MP:   7/10          EV: 18    Int: 16    God:    Uskayaw [*.....]
Gold: 83            SH:  0    Dex: 17    Spells: 0/9 levels left

rFire    . . .     SeeInvis +   a - +1 dagger
rCold    . . .     Faith    .   (shield restricted)
rNeg     . . .     Spirit   .   b - +0 robe
rPois    .         Reflect  .   (helmet restricted)
rElec    .         Harm     .   (no cloak)
rCorr    .         Rampage  .   (gloves unavailable)
Will     .....     NoTele   +   (boots unavailable)
Stlth    ++++++....             c - amulet of invisibility {+Inv}
HPRegen  0.07/turn              (no ring)
MPRegen  0.12/turn              (no ring)

@: confusing touch, heavily drained, very quick
A: very small, unfitting armour, see invisible, speed 3
a: Renounce Religion, Evoke Invisibility, Stomp


You were in the Dungeon.
You worshipped Uskayaw.
Uskayaw was noncommittal.
You visited 1 branch You collected 83 gold pieces.

Inventory:

Hand Weapons
 a - a +1 dagger (weapon)
Armour
 b - a +0 robe (worn)
Jewellery
 c - the amulet of invisibility (around neck) {+Inv}
   (You found it in the Dungeon)

   [amulet of nothing]

   It lets you turn invisible.
Scrolls
 j - a scroll of enchant armour {unknown}
Potions
 d - a potion of curing
 e - a potion of heal wounds
 g - 2 potions of magic
 h - a potion of berserk rage


   Skills:
 + Level 1.1 Short Blades
 + Level 3.0 Dodging
 - Level 15.3 Stealth
 + Level 2.6 Spellcasting
 + Level 3.6 Hexes
 + Level 0.0 Invocations


You couldn't memorise any spells.
You knew the following spells:

 Your Spells              Type           Power        Failure   Level
a - Corona                Hex            14%          4%          1
b - Ensorcelled Hibernat  Hex/Ice        14%          14%         2
c - Confusing Touch       Hex            13%          13%         3
d - Tukima's Dance        Hex            13%          13%         3

Your spell library contained the following spells:

 Spells                   Type           Power        Failure   Level
 Dazzling Flash           Conj/Hex       14%          28%         3


Dungeon Overview and Level Annotations

Branches:
Dungeon (1/1)

Altars:
Cheibriados
Dithmenos
Elyvilon
Gozag
Hepliaklqana
Kikubaaqudgha
Makhleb
Nemelex Xobeh
Okawaru
Qazlal
Ru
Sif Muna
Trog
Uskayaw
Vehumet
Wu Jian
Xom
Yredelemnul
Zin
The Shining One
Beogh
Jiyva
Lugonu


Innate Abilities, Weirdness & Mutations

You are very small and have problems with some larger weapons.
You are too small for most types of armour.
You have supernaturally acute eyesight. (SInv)
You cover ground extremely quickly.


Message History

A spriggan is nearby!
A spriggan is nearby!
A spriggan is nearby!
Cast which spell? (? or * to list)
The spell is quite dangerous to cast (13% risk of failure)!
Continue anyway?
Your hands begin to glow red.
The spriggan shouts!
You hit the spriggan but do no damage. The spriggan closely misses you.
You hit the spriggan but do no damage.
The spriggan hits you with the +4 short sword of Filigreed Optimality {drain, rF+ rC+}.
You feel drained. The spriggan blocks your attack. The spriggan misses you.
You hit the spriggan but do no damage. The spriggan closely misses you.
You miss the spriggan.
The spriggan hits you with the +4 short sword of Filigreed Optimality {drain, rF+ rC+}!
* * * LOW HITPOINT WARNING * * *
You feel drained.
You hit the spriggan but do no damage.
The spriggan hits you with the +4 short sword of Filigreed Optimality {drain, rF+ rC+}!
You die...

####################
#<.@P#.....#.....#.⌠
#PP.i'.....+.#...+..
#PPPP#...÷.#.#†..#..
###############+##..
#._ ###


You could see a spriggan.

Vanquished Creatures
  3 oklob saplings (D)
  A worker ant (D)
  A river rat (D)
  A rat (D)
6 creatures vanquished.

Notes
Turn   | Place    | Note
-------+----------+-------------------------------------------
     0 | D        | Groucho the Spriggan Enchanter began the quest for the Orb.
     0 | D        | Reached XP level 1. HP: 9/9 MP: 5/5
     9 | D        | Reached skill level 7 in Stealth
     9 | D        | Reached XP level 2. HP: 13/13 MP: 6/6
    11 | D        | Reached skill level 8 in Stealth
    19 | D        | Noticed an oklob sapling
    20 | D        | Killed an oklob sapling
    21 | D        | Reached skill level 10 in Stealth
    21 | D        | Reached XP level 3. HP: 16/16 MP: 8/8
    23 | D        | Found the amulet of invisibility {+Inv}
    25 | D        | Reached skill level 12 in Stealth
    49 | D        | Found an opulent altar of Gozag.
    49 | D        | Found a hazy altar of Hepliaklqana.
    49 | D        | Found a roughly hewn altar of Beogh.
    49 | D        | Found a snail-covered altar of Cheibriados.
    50 | D        | Found a viscous altar of Jiyva.
    50 | D        | Found a burning altar of Makhleb.
    50 | D        | Found a sparkling altar of Nemelex Xobeh.
    50 | D        | Found a sacrificial altar of Ru.
    50 | D        | Found a shimmering blue altar of Sif Muna.
    50 | D        | Found a bloodstained altar of Trog.
    50 | D        | Found an ornate altar of the Wu Jian Council.
    50 | D        | Found a shimmering altar of Xom.
    50 | D        | Found a basalt altar of Yredelemnul.
    50 | D        | Noticed an oklob sapling priest
    51 | D        | Found an iron altar of Okawaru.
    51 | D        | Found a shadowy altar of Dithmenos.
    51 | D        | Found a glowing silver altar of Zin.
    52 | D        | Found an ancient bone altar of Kikubaaqudgha.
    52 | D        | Found a hide-covered altar of Uskayaw.
    53 | D        | Found a stormy altar of Qazlal.
    53 | D        | Found a white marble altar of Elyvilon.
    53 | D        | Found a glowing golden altar of the Shining One.
    54 | D        | Found a corrupted altar of Lugonu.
    54 | D        | Found a radiant altar of Vehumet.
    57 | D        | Killed an oklob sapling priest
    58 | D        | Reached skill level 14 in Stealth
    58 | D        | Reached XP level 4. HP: 21/21 MP: 6/9
    63 | D        | Became a worshipper of Uskayaw the Reveller
    71 | D        | Reached * piety under Uskayaw
    72 | D        | Reached skill level 15 in Stealth
    72 | D        | Reached XP level 5. HP: 24/24 MP: 7/10
   114 | D        | Learned a level 2 spell: Ensorcelled Hibernation
   118 | D        | Learned a level 3 spell: Confusing Touch
   122 | D        | Learned a level 3 spell: Tukima's Dance
   279 | D        | Identified the +4 short sword of Filigreed Optimality
                  | {drain, rF+ rC+}
   286 | D        | Slain by a spriggan

Illustrated notes

Levels and vault maps discovered:
D:        dungeon_sprint_fedhas [sprint_temple]

Skill      XL: |  1  2  3  4 |
---------------+-------------+-----
Stealth        | 7 10 14 15 | 15.3
Short Blades   | |  1.1
Dodging        | |  3.0
Spellcasting   | |  2.6
Hexes          | |  3.6

Action                   |  1- 3 |  4- 6 || total
-------------------------+-------+-------++-------
Melee: Dagger            |     5 |     7 ||    12
 Cast: Confusing Touch   |       |     1 ||     1
 Abil: Evoke Invisibilit |     1 |       ||     1
  Use: Scroll            |       |     1 ||     1
       Potion            |       |     1 ||     1
 Stab: Sleeping          |     5 |     1 ||     6
Dodge: Dodged            |       |     3 ||     3
